 Dungeon Crawl Stone Soup version 0.30-a0-170-g85af917532 (webtiles) character file.

Game seed: 8635886025502619438

36 qw the Chopper (level 3, -1/23 HPs)
             Began as a Gargoyle Fighter on Sept 30, 2022.
             Slain by a gnoll
             ... wielding a +0 flail
              (5 damage)
             ... on level 2 of the Dungeon.
             The game lasted 00:00:32 (975 turns).

qw the Chopper (Gargoyle Fighter)                    Turns: 975, Time: 00:00:32

Health: -1/23      AC: 11    Str: 21    XL:     3   Next: 37%
Magic:  3/3        EV:  9    Int:  8    God:
Gold:   86         SH:  4    Dex:  9    Spells: 2/2 levels left

rFire   . . .      SeeInvis .    Y - +0 war axe
rCold   . . .      Faith    .    c - +0 buckler
rNeg    + . .      Spirit   .    b - +0 scale mail
rPois   inf        Reflect  .    (no helmet)
rElec   +          Harm     .    j - +0 cloak
rCorr   .          Rampage  .    (no gloves)
Will    .....                    (no boots)
Stlth   ..........               (no amulet)
HPRegen 0.07/turn                (no ring)
MPRegen 0.08/turn                (no ring)

@: about to teleport
A: sickness immunity, AC +3, negative energy resistance 1, electricity
resistance, torment resistance 1, petrification resistance
a: no special abilities


You were on level 2 of the Dungeon.
You visited 1 branch of the dungeon, and saw 2 of its levels.

You collected 86 gold pieces.


Innate Abilities, Weirdness & Mutations

You are immune to sickness and miasma.
Your stone body is resilient. (AC +3)
You are immune to poison.
You resist negative energy. (rN+)
You are resistant to electric shocks. (rElec)
You are resistant to unholy torment.
You are immune to petrification.


   Skills:
 - Level 3.2 Fighting
 + Level 3.3 Axes
 - Level 3.2 Armour
 - Level 3.2 Shields


You had 2 spell levels left.
You didn't know any spells.
Your spell library was empty.

Inventory:

Hand Weapons
 h - a +0 whip
 Y - a +0 war axe (weapon)
Armour
 b - a +0 scale mail (worn)
 c - a +0 buckler (worn)
 j - a +0 cloak (worn)
Scrolls
 a - a scroll of teleportation
 e - a scroll of identify
 f - a scroll of butterflies {unknown}
 i - a scroll of enchant armour {unknown}
Potions
 d - 3 potions of might
 g - a potion of curing {unknown}

Dungeon Overview and Level Annotations

Branches:
Dungeon (2/15)

Altars:


Message History

The ball python hisses angrily.
You barely miss the ball python.
The ball python barely misses you. x2; The ball python completely misses you.
The ball python barely misses you.
You hit the ball python.
The ball python is severely wounded.
You block the ball python's attack. The ball python barely misses you.
You slash the ball python!
You kill the ball python!
You see here a ball python corpse.
Found a robe.
Found a stone staircase leading up.
Enter note: You now have 86 gold pieces (gained 6).
A gnoll comes into view. It is wielding a +0 flail.
The gnoll shouts!
A gnoll comes into view. It is wielding a +0 flail.
966 ||| Stepping ~*~*~tactically~*~*~ (stealth).
You barely miss the gnoll. The gnoll barely misses you.
You slash the gnoll!
The gnoll is almost dead.
The gnoll hits you with a +0 flail!
You completely miss the gnoll.
The gnoll is almost dead.
You block the gnoll's attack. x2
You closely miss the gnoll.
The gnoll is almost dead.
You block the gnoll's attack.
You barely miss the gnoll.
The gnoll is almost dead.
The gnoll hits you with a +0 flail! The gnoll barely misses you.
974 ||| READING 2 scrolls of teleportation.
As you read the scroll of teleportation, it crumbles to dust.
You feel strangely unstable. The gnoll hits you but does no damage.
You closely miss the gnoll.
The gnoll is almost dead.
The gnoll hits you with a +0 flail.
You die...

######### #####........
#...@......#
###########.###g#......
.......................
#####...#......<.....
#########.#######.###.#.g
..[.......# #.# # .
######...## #.#
#.%......# #.# #.####...#


You could see a gnoll.

Vanquished Creatures
  2 worms (D:2)
  A dart slug (D:2)
  3 ball pythons (D:2)
  3 goblins
  6 hobgoblins
  5 jackals
  2 bats
  3 rats
25 creatures vanquished.

Notes
Turn   | Place    | Note
-------+----------+-------------------------------------------
     0 | D:1      | qw the Gargoyle Fighter began the quest for the Orb.
     0 | D:1      | Reached XP level 1. HP: 14/14 MP: 1/1
     0 | D:1      | 0 ||| qw: Version: 0.2-a-12-gaebbb33
     0 | D:1      | 0 ||| qw: Game counter: 1642
     0 | D:1      | 0 ||| qw: Always use a shield: true
     0 | D:1      | 0 ||| qw: God list: Okawaru
     0 | D:1      | 0 ||| qw: Allow faded altars: false
     0 | D:1      | 0 ||| qw: Do Orc after D:15 true
     0 | D:1      | 0 ||| qw: Do second Lair branch before Depths: true
     0 | D:1      | 0 ||| qw: Lair rune preference: random
     0 | D:1      | 0 ||| qw: Plans: Normal, Zot:1-4, God:TSO, Crypt, Tomb,
                  | Pan, Slime:5, Hells, Abyss, Orb
     0 | D:1      | 0 ||| PLANNING D:1-11
   142 | D:1      | 142 ||| Stepping ~*~*~tactically~*~*~ (stealth).
   143 | D:1      | 143 ||| Stepping ~*~*~tactically~*~*~ (stealth).
   152 | D:1      | Reached XP level 2. HP: 19/19 MP: 2/2
   554 | D:1      | 554 ||| UPGRADING to +0 cloak.
   559 | D:1      | 559 ||| READING 2 scrolls labelled OGOJEI VOHOC.
   563 | D:1      | 563 ||| READING scroll labelled TONITE MAGAI.
   564 | D:1      | 564 ||| READING scroll labelled SAMYMEISUN.
   565 | D:1      | 565 ||| DRINKING 2 murky ruby potions.
   566 | D:1      | 566 ||| DROPPING potion of magic.
   580 | D:2      | 580 ||| STAIRDANCE
   615 | D:2      | 615 ||| Stepping ~*~*~tactically~*~*~ (stealth).
   620 | D:2      | Reached skill level 3 in Axes
   661 | D:2      | Reached XP level 3. HP: 23/23 MP: 3/3
   673 | D:2      | 673 ||| Stepping ~*~*~tactically~*~*~ (stealth).
   735 | D:2      | 735 ||| FLEEEEING.
   736 | D:2      | 736 ||| FLEEEEING.
   737 | D:2      | 737 ||| FLEEEEING.
   738 | D:2      | 738 ||| FLEEEEING.
   739 | D:2      | 739 ||| FLEEEEING.
   752 | D:2      | 752 ||| FLEEEEING.
   753 | D:2      | 753 ||| FLEEEEING.
   754 | D:2      | 754 ||| FLEEEEING.
   755 | D:2      | 755 ||| FLEEEEING.
   756 | D:2      | 756 ||| FLEEEEING.
   757 | D:2      | 757 ||| FLEEEEING.
   758 | D:2      | 758 ||| FLEEEEING.
   759 | D:2      | 759 ||| FLEEEEING.
   762 | D:2      | 762 ||| FLEEEEING.
   763 | D:2      | 763 ||| FLEEEEING.
   765 | D:2      | 765 ||| FLEEEEING.
   766 | D:2      | 766 ||| FLEEEEING.
   767 | D:2      | 767 ||| FLEEEEING.
   768 | D:2      | 768 ||| FLEEEEING.
   769 | D:2      | 769 ||| FLEEEEING.
   781 | D:2      | 781 ||| Stepping ~*~*~tactically~*~*~ (stealth).
   782 | D:2      | 782 ||| Stepping ~*~*~tactically~*~*~ (stealth).
   966 | D:2      | 966 ||| Stepping ~*~*~tactically~*~*~ (stealth).
   973 | D:2      | HP: 4/23 [gnoll/+0 flail (9)]
   974 | D:2      | 974 ||| READING 2 scrolls of teleportation.
   975 | D:2      | Slain by a gnoll

Levels and vault maps discovered:
D:1:      wander_arrival_estate, layout_basic, minivault_11
D:2:      layout_basic, shapermc_ecumenical_altar_acropolis

Skill      XL: |  1  2 |
---------------+-------+-----
Axes           | 2 3 |  3.3
Fighting       | |  3.2
Armour         | |  3.2
Shields        | |  3.2

Action                   || total
-------------------------++-------
Melee: War axe           ||    86
  Use: Scroll            ||     4
       Potion            ||     1
Armor: Scale mail        ||    44
Dodge: Dodged            ||    36
Block: Buckler           ||    23

Table legend:
 A = Non-vault XP
 B = Vault XP
 C = Vault XP percentage of total XP
 D = Non-vault monster count
 E = Vault monster count
 F = Vault count percentage of total count
                 A         B        C        D         E       F
            +---------+---------+-------+---------+---------+-------
      Total |      52 |       0 |   0.0 |      25 |       0 |   0.0
            +---------+---------+-------+---------+---------+-------
        D:1 |      21 |       0 |   0.0 |      12 |       0 |   0.0
        D:2 |      31 |       0 |   0.0 |      13 |       0 |   0.0
            +---------+---------+-------+---------+---------+-------
